 Dungeon Crawl Stone Soup version 0.25.0-46-gbd7b0854d2 (webtiles) character file.

Game seed: 5877310754614219194

436 Delamore the Cudgeler (level 7, -10/44 HPs)
             Began as a Gargoyle Fighter on July 12, 2020.
             Mangled by an ogre
             ... wielding a +0 giant club
              (17 damage)
             ... on level 4 of the Dungeon.
             The game lasted 00:03:46 (3178 turns).

Delamore the Cudgeler (Gargoyle Fighter)            Turns: 3178, Time: 00:03:46

Health: -10/44     AC: 13    Str: 21    XL:     7   Next: 1%
Magic:  7/7        EV:  5    Int:  9    God:
Gold:   241        SH:  9    Dex:  9    Spells: 6/6 levels left

rFire    . . .     SeeInvis .   u - +0 morningstar
rCold    . . .     Gourm    .   c - +0 kite shield
rNeg     + . .     Faith    .   h - +0 chain mail
rPois    ∞         Spirit   .   (no helmet)
rElec    +         Reflect  .   (no cloak)
rCorr    .         Harm     .   (no gloves)
MR       .....                  (no boots)
Stlth    ..........             k - amulet of regeneration
HPRegen  0.54/turn              (no ring)
MPRegen  0.10/turn              (no ring)

@: no status effects
A: negative energy resistance 1, electricity resistance, unbreathing,
petrification resistance, rot immunity, AC +4
a: no special abilities


You were on level 4 of the Dungeon.
You were not hungry.

You visited 1 branch of the dungeon, and saw 4 of its levels.

You collected 241 gold pieces.

Inventory:

Hand Weapons
 a - a +0 flail
 u - a +0 morningstar (weapon)
Missiles
 g - 2 datura-tipped darts
 n - 12 poisoned darts (quivered)
Armour
 b - a +0 scale mail
 c - a +0 kite shield (worn)
 h - a +0 chain mail (worn)
Jewellery
 k - an amulet of regeneration (around neck)
 x - an uncursed ring of protection from cold {unknown}
Wands
 v - a wand of iceblast (10)
Scrolls
 i - a scroll of noise {unknown}
 o - a scroll of teleportation {unknown}
 p - a scroll of immolation {unknown}
 q - a scroll of fog {unknown}
 s - a scroll of enchant armour
 t - a scroll of amnesia
 y - a scroll of remove curse {unknown}
 z - a scroll of identify
Potions
 d - 2 potions of might
 e - 2 potions of curing {unknown}
 j - a potion of heal wounds {unknown}
 l - a potion of cancellation {unknown}
 m - a potion of berserk rage {unknown}
 r - a potion of brilliance {unknown}
Comestibles
 f - 10 rations


   Skills:
 - Level 5.3 Fighting
 + Level 6.1 Maces & Flails
 - Level 3.2 Armour
 - Level 3.2 Shields


You had 6 spell levels left.
You didn't know any spells.
Your spell library was empty.

Dungeon Overview and Level Annotations

Branches:
Dungeon (4/15)
 Temple: D:4-7

Altars:
Makhleb
Nemelex Xobeh
Zin

Annotations:
D:4 Edmund


Innate Abilities, Weirdness & Mutations

You are resistant to torment.
Your stone body is resilient. (AC +4)
You are immune to poison.
You resist negative energy. (rN+)
You are resistant to electric shocks. (rElec)
You can survive without breathing.
You are immune to petrification.
You are immune to rotting.


Message History

You throw a poisoned dart. The poisoned dart hits the ogre.
The ogre is poisoned.
The ogre is moderately wounded.
You hit the ogre.
The ogre is moderately wounded.
You block the ogre's attack.
You hit the ogre.
The ogre is heavily wounded.
The ogre barely misses you.
You hit the ogre.
The ogre is severely wounded.
The ogre hits you with a +0 giant club!
* * * LOW HITPOINT WARNING * * *
You closely miss the ogre.
The ogre is severely wounded.
You block the ogre's attack.
You hit the ogre.
The ogre is almost dead.
The ogre looks more healthy.
The ogre hits you with a +0 giant club!
You die...

#######
###############
......#
#..@O@...(.((.#
#####.#
#.###########.#
....#.# #.#
#....# ###.#.#
#.# #...##
....#'## #.#
#@..# .......#
#.# #.# #...#
.^.....# #.#
#.# #...#
.......#####
#.# #.# #...#
...........#
#.# #.# #...#


You could see Edmund and an ogre.

Vanquished Creatures
  Sigmund (D:4)
  A hound (D:3)
  An orc wizard (D:4)
  A hound skeleton (D:4)
  A howler monkey skeleton (D:4)
  2 river rats (D:3)
  6 adders
  A shadow imp (D:4)
  An ooze (D:3)
  6 worms
  4 dart slugs
  2 leopard geckos
  9 orcs
  2 ball pythons
  6 giant cockroaches
  12 goblins
  5 hobgoblins
  5 kobolds
  A quokka (D:2)
  7 bats
  A frilled lizard (D:2)
  11 rats
86 creatures vanquished.

Notes
Turn   | Place    | Note
-------+----------+-------------------------------------------
     0 | D:1      | Delamore the Gargoyle Fighter began the quest for the Orb.
     0 | D:1      | Reached XP level 1. HP: 14/14 MP: 1/1
   127 | D:1      | Reached XP level 2. HP: 19/19 MP: 2/2
   535 | D:1      | Found a sparkling altar of Nemelex Xobeh.
   569 | D:1      | Reached XP level 3. HP: 24/24 MP: 3/3
   909 | D:2      | Reached skill level 3 in Maces & Flails
   969 | D:2      | Found a faded altar of an unknown god.
  1095 | D:2      | Reached XP level 4. HP: 30/30 MP: 4/4
  1312 | D:3      | Found a glowing silver altar of Zin.
  1965 | D:3      | Reached XP level 5. HP: 9/34 MP: 5/5
  2026 | D:3      | Reached skill level 5 in Fighting
  2133 | D:3      | Reached skill level 4 in Maces & Flails
  2519 | D:4      | Found a burning altar of Makhleb.
  2815 | D:4      | Reached XP level 6. HP: 40/40 MP: 6/6
  2824 | D:4      | Reached skill level 5 in Maces & Flails
  2866 | D:4      | Noticed Sigmund
  2876 | D:4      | Killed Sigmund
  2876 | D:4      | Reached skill level 6 in Maces & Flails
  2991 | D:4      | Reached XP level 7. HP: 44/44 MP: 7/7
  3156 | D:4      | Noticed Edmund
  3178 | D:4      | Mangled by an ogre

Illustrated notes

Levels and vault maps discovered:
D:1:      nzn_arrival_settlement, layout_basic, nemelex_diamond_rough_becter
D:2:      layout_rooms, chequers_ecumenical_altar_simple, first_ration,
          hangedman_decor_opposing
D:3:      layout_loops_ring, lemuel_crystal_altar, gup_sewer_entry_bubbles,
          columned_hall_lemuel, corexii_corridor_pit
D:4:      layout_basic, bloody_makhleb, minmay_temple_entry_fiery, hex_medium,
          uniq_sigmund, uniq_edmund

Skill      XL: |  1  2  3  4  5  6 |
---------------+-------------------+-----
Fighting       | 4 5 |  5.3
Maces & Flails | 3 4 6 |  6.1
Armour         | |  3.2
Shields        | |  3.2

Action                   |  1- 3 |  4- 6 |  7- 9 || total
-------------------------+-------+-------+-------++-------
Melee: Flail             |   122 |   162 |       ||   284
       Morningstar       |       |    85 |     7 ||    92
Throw: Dart              |       |       |     4 ||     4
  Use: Scroll            |       |     2 |       ||     2
  Eat: Chunk             |     1 |     7 |       ||     8
Armor: Scale mail        |    58 |    83 |       ||   141
       Chain mail        |       |    48 |       ||    48
       Skin              |       |     2 |       ||     2
Dodge: Dodged            |    39 |    66 |     1 ||   106
Block: Kite shield       |    54 |   138 |     4 ||   196
